 Dungeon Crawl Stone Soup version 0.20.1-1-g8b1a95d (console) character file.

534 Kloppie the Chopper (level 7, -2/93 HPs)
             Began as a Green Draconian Gladiator on July 18, 2017.
             Was an Initiate of Ru.
             Killed by divine providence
             ... invoked by an orc priest
              (12 damage)
             ... on level 4 of the Dungeon.
             The game lasted 00:04:58 (3703 turns).

Kloppie the Chopper (Green Draconian Gladiator)     Turns: 3703, Time: 00:04:58

Health: -2/93      AC: 23    Str: 17    XL:     7   Next: 4%
Magic:  7/7        EV:  2    Int:  8    God:    Ru [......]
Gold:   232        SH:  0    Dex: 14    Spells: 6/6 levels left

rFire    . . .     SeeInvis .   a - +0 war axe
rCold    . . .     Gourm    .   (no shield)
rNeg     + + +     Faith    .   (armour unavailable)
rPois    +         Spirit   .   (helmet currently unavailable)
rElec    .         Reflect  .   (cloak currently unavailable)
rCorr    .         Harm     .   (gloves currently unavailable)
MR       .....     NoTele   +   (boots currently unavailable)
Stlth    +.........             (no amulet)
Regen    0.3/turn               (no ring)
MPRegen  0.1/turn               (no ring)

@: tree-form
A: (breathe noxious fumes), unfitting armour, AC +6
a: Renounce Religion


You were on level 4 of the Dungeon.
You worshipped Ru.
Ru was noncommittal.
You were not hungry.
You were a tree.
You visited 1 branch of the dungeon, and saw 4 of its levels.

You collected 232 gold pieces.

Inventory:

Hand Weapons
 a - a +0 war axe (weapon)
Missiles
 c - 3 throwing nets (quivered)
Armour
 b - a +1 hat (melded)
 g - a +0 pair of boots (melded)
Scrolls
 e - 4 scrolls of blinking
 h - 3 scrolls of remove curse
 i - a scroll of identify
Comestibles
 d - 2 bread rations
 f - 3 chunks of flesh
 k - a royal jelly


   Skills:
 - Level 5.7 Fighting
 + Level 6.1 Axes
 - Level 1.7 Throwing
 + Level 3.1 Dodging


You had 6 spell levels left.
You didn't know any spells.

Dungeon Overview and Level Annotations

Branches:
Dungeon (4/15)
 Temple: D:4-7

Altars:
Cheibriados
Ru
Trog

Shops:
D:4 (


Innate Abilities, Weirdness & Mutations

((You can breathe blasts of noxious fumes.))
((Your lurid green scales are hard. (AC +6)))
You cannot fit into any form of body armour.
((Your system is resistant to poisons. (rPois)))
((You are cold-blooded and may be slowed by cold attacks.))


Message History

You learn Poison Magic much quicker.
You can breathe blasts of noxious fumes.
You feel resistant to poisons.
You feel a bit more experienced. The orc hits you but does no damage.
The orc priest miscasts a cantrip.
Okay, then.
You cannot move.
You cannot move.
The orc hits you but does no damage. The orc hits you but does no damage.
The orc priest miscasts a cantrip.
The orc hits you but does no damage.
The orc priest casts a cantrip, but nothing happens.
The orc hits you but does no damage. The orc hits you but does no damage.
The orc hits you but does no damage. The orc hits you but does no damage.
The orc priest invokes the aid of Beogh against you.
Beogh smites you!
You die... .. . o## oS#

#.# #o# #.# #o#
#.# #.# #)# ..#
#.# #♣# #.# #.#
#.# #.# #.# #.#
#.# #.# #.#
#####.#####.# #.#
###
............####.#
#..
#.#..............#
#.#
#.#.##############
#.# #.#.# #.#


You could see an orc priest, an adder and 3 orcs.

Vanquished Creatures
  An eye of draining (D:3)
  A phantom (D:3)
  A hound (D:4)
  An orc priest (D:3)
  3 orc wizards
  A worker ant (D:3)
  8 adders
  An ooze (D:3)
  5 worms
  2 dart slugs (D:2)
  4 leopard geckos
  12 orcs (D:3)
  A ball python (D:1)
  4 giant cockroaches
  8 goblins
  7 hobgoblins
  7 jackals
  7 kobolds
  3 quokkas
  9 bats
  4 frilled lizards
  5 rats
95 creatures vanquished.

Notes
Turn   | Place    | Note
-------+----------+-------------------------------------------
     0 | D:1      | Kloppie the Draconian Gladiator began the quest for the Orb.
     0 | D:1      | Reached XP level 1. HP: 17/17 MP: 1/1
   224 | D:1      | Reached XP level 2. HP: 22/25 MP: 2/2
   520 | D:2      | Found a snail-covered altar of Cheibriados.
   610 | D:2      | Reached XP level 3. HP: 18/31 MP: 3/3
  1144 | D:2      | Reached skill level 4 in Axes
  1144 | D:2      | Reached XP level 4. HP: 38/40 MP: 4/4
  1725 | D:3      | Reached XP level 5. HP: 25/47 MP: 5/5
  1731 | D:3      | HP: 2/47 [something/puff of flame (7)]
  2244 | D:3      | Found a bloodstained altar of Trog.
  2245 | D:3      | Noticed an eye of draining
  2259 | D:3      | Killed an eye of draining
  2259 | D:3      | Reached skill level 5 in Fighting
  2259 | D:3      | Reached skill level 5 in Axes
  2259 | D:3      | Reached XP level 6. HP: 39/56 MP: 0/6
  3161 | D:3      | Found a sacrificial altar of Ru.
  3512 | D:3      | Became a worshipper of Ru the Awakened
  3563 | D:4      | Reached skill level 6 in Axes
  3579 | D:4      | Found Ilioprec's Weapon Boutique.
  3695 | D:4      | Your scales start taking on a lurid green colour.
  3695 | D:4      | Reached XP level 7. HP: 8/62 MP: 7/7
  3695 | D:4      | Gained mutation: Your system is resistant to poisons. (rPois) [Green Draconian growth]
  3703 | D:4      | Killed from afar by an orc priest

Skill      XL: |  1  2  3  4  5  6 |
---------------+-------------------+-----
Fighting       | 3 4 5 |  5.7
Axes           | 4 5 6 |  6.1
Dodging        | 3 |  3.1
Throwing       | |  1.7

Action                   |  1- 3 |  4- 6 |  7- 9 || total
-------------------------+-------+-------+-------++-------
Melee: War axe           |   111 |   197 |       ||   308
       Tailslap          |     9 |    31 |       ||    40
  Use: Potion            |       |     3 |       ||     3
       Scroll            |       |     7 |       ||     7
 Stab: Sleeping          |     2 |     3 |       ||     5
  Eat: Chunk             |     1 |     8 |       ||     9
Armor: Skin              |    28 |    59 |     8 ||    95
Dodge: Dodged            |    76 |   127 |       ||   203
